 Dungeon Crawl Stone Soup version 0.28-a0-556-gab23d0e057 (webtiles) character file.

Game seed: 17482199616387458750

21478 robertstho the Thaumaturge (level 13, -6/90 HPs)
             Began as a Djinni Fire Elementalist on Sept 28, 2021.
             Was an Initiate of Gozag.
             Mangled by a reaper (12 damage)
             ... in an ice cave.
             The game lasted 00:29:45 (21048 turns).

robertstho the Thaumaturge (DjFE)                  Turns: 21048, Time: 00:29:46

Health: -6/90      AC:  9    Str:  7    XL:     13   Next: 20%
Gold:   1854       EV: 14    Int: 24    God:    Gozag SH:  5 Dex: 14

rFire   + + +      SeeInvis .   k - +3 spear (vamp)
rCold   x . .      Faith    .   (no shield)
rNeg    . . .      Spirit   .   t - +0 steam dragon scales
rPois   ∞          Reflect  +   z - +2 helmet
rElec   .          Harm     .   (no cloak)
rCorr   .          Rampage  .   d - +0 pair of gloves
Will    ++...                   (boots unavailable)
Stlth   +++.......              r - amulet "Umil" {Reflect rF- Will+ Int+2 SH+5}
HPRegen 0.25/turn               m - ring of protection from fire
MPRegen 0.00/turn               h - ring of protection from fire

@: flying
A: sickness immunity, fire resistance 2, cold vulnerability 1, float, innate
caster, hp casting, extra vitality 1
a: Renounce Religion, Potion Petition, Call Merchant, Bribe Branch


You were in an ice cave.
You worshipped Gozag.
Gozag was most pleased with you.
You visited 3 branches of the dungeon, and saw 14 of its levels.
You also visited: Ice Cave.

You collected 2182 gold pieces.
You paid 328 gold pieces to Gozag.

Inventory:

Hand Weapons
 c - a +3 dagger of speed
 e - a +5 great sword
 k - a +3 vampiric spear (weapon)
Missiles
 D - a throwing net
Armour
 a - the +1 scale mail of Dishonesty {rN+ Slay+3}
   (You found it on level 1 of the Lair of Beasts)

   Slay:      It affects your accuracy & damage with ranged weapons and melee
   (+3).
   rN:        It protects you from negative energy.
 d - a +0 pair of gloves (worn)
 t - +0 steam dragon scales (worn)
 z - a +2 helmet (worn)
Jewellery
 h - a ring of protection from fire (right hand)
 l - a ring of wizardry
 m - a ring of protection from fire (left hand)
 r - the amulet "Umil" (around neck) {Reflect rF- Will+ Int+2 SH+5}
   (You found it on level 6 of the Dungeon)

   [amulet of reflection]

   It reflects blocked missile attacks.
   Int:       It affects your intelligence (+2).
   rF:        It makes you vulnerable to fire.
   SH:        It affects your SH (+5).
   Will:      It increases your willpower.
Wands
 s - a wand of polymorph (12)
 w - a wand of charming (8)
 B - a wand of iceblast (14)
 C - a wand of mindburst (5)
 E - a wand of paralysis (5)
Scrolls
 f - 2 scrolls of vulnerability
 g - a scroll of holy word
 o - 2 scrolls of enchant weapon
 p - a scroll of immolation
 q - 4 scrolls of fog
 u - 4 scrolls of enchant armour
 y - 2 scrolls of summoning
 A - a scroll of teleportation
Potions
 b - 4 potions of ambrosia
 i - 3 potions of cancellation
 j - 2 potions of mutation
 n - a potion of brilliance
 x - a potion of lignification {unknown}
 F - a potion of berserk rage {unknown}
 G - a potion of attraction {unknown}


   Skills:
 * Level 7.5 Fighting
 + Level 1.3 Short Blades
 + Level 2.1 Polearms
 + Level 6.0 Dodging
 + Level 4.0 Stealth
 + Level 2.9 Shields
 * Level 14.0 Spellcasting
 + Level 1.0 Evocations


You had 7 spell levels left.
You knew the following spells:

 Your Spells              Type           Power      Damage    Failure   Level
a - Foxfire               Conj/Fire      100%       2x1d9     0%          1
b - Scorch                Fire           100%       2d10      0%          2
c - Conjure Flame         Conj/Fire      71%        6-21      1%          3
d - Inner Flame           Hex/Fire       71%        N/A       1%          3
e - Flame Wave            Conj/Fire      71%        3d12      1%          4
f - Sandblast             Erth           100%       2d20      0%          1
g - Ensorcelled Hibernat  Hex/Ice        100%       N/A       0%          2
h - Vampiric Draining     Necr           35%        2d11      1%          3
i - Ice Form              Ice/Tmut       71%        N/A       1%          4
j - Blade Hands           Tmut           35%        N/A       1%          5
k - Manifold Assault      Tloc           71%        N/A       1%          5
Your spell library was empty.

Dungeon Overview and Level Annotations

Branches:
Dungeon (12/15)            Temple (1/1) D:7            Lair (1/6) D:11
  IceCv (1/1)
    Orc: D:9-12

Altars:
Ashenzari
Cheibriados
Dithmenos
Elyvilon
Fedhas
Gozag
Hepliaklqana
Kikubaaqudgha
Makhleb
Nemelex Xobeh
Okawaru
Qazlal
Ru
Sif Muna
Trog
Uskayaw
Vehumet
Wu Jian
Xom
Yredelemnul
Zin
The Shining One

Shops:
D:1 [[


Innate Abilities, Weirdness & Mutations

You are immune to sickness and miasma.
You are immune to poison.
Your flesh is very heat resistant. (rF++)
You are vulnerable to cold. (rC-)
You float through the air rather than walking.
You learn spells naturally, not from books.
Your magical power is your life essence.
You have superior vitality. (+4 HP)


Message History

The reaper stumbles backwards!
The reaper hits your elephant simulacrum with a +0 scythe of freezing!!
Your elephant simulacrum vaporises!
Unknown command.
Okay, then.
You start resting.
HP restored.
A reaper is nearby!
Casting: Foxfire (safe; 0% risk of failure)
Press: ? - help, Q - select action, (/) - cycle Dir - look around, f - activate You conjure some foxfire!
Unknown command.
Casting: Foxfire (safe; 0% risk of failure)
Press: ? - help, Q - select action, (/) - cycle Dir - look around, f - activate You conjure some foxfire!
The foxfire hits the reaper but does no damage. x2
Unknown command.
Casting: Foxfire (safe; 0% risk of failure)
Confirm with . or Enter, or press ? or * to list all spells.
Flames lash the reaper.
The reaper is lightly wounded.
The reaper's fire resistance burns away.
The foxfire hits the reaper.
The reaper is lightly wounded.
The foxfire hits the reaper but does no damage.
The reaper is lightly wounded.
The reaper hits you from afar with a +0 scythe of freezing!!
The reaper freezes you!!
Casting: Scorch (safe; 0% risk of failure)
Confirm with . or Enter, or press ? or * to list all spells.
Casting: Flame Wave (safe; 1% risk of failure)
Press: ? - help, Dir - look around, f - activate A wave of flame ripples out! (Press . to intensify the flame waves.)
* * * LOW HITPOINT WARNING * * *
The reaper hits you from afar with a +0 scythe of freezing!!
* * * LOW HITPOINT WARNING * * *
The reaper freezes you!
You die...
Your body crumbles into a pile of gold.

##.##.## #..#
#..##.# ....
##.##.## #....
##..###.# .....
##...##..##
##2....
#...#..#..#
#$Z.$..
#.2.#.#.#.###.Z#
#..######.2#..##
#.@#≈##≈##.Z.##
$$
#§##≈≈#≈≈##.##
$$ #.##≈≈≈≈≈≈###
##.#≈≈≈≈≈≈##
#.#≈≈≈≈≈≈≈#
##≈≈≈≈≈≈≈≈#
##≈≈≈≈≈≈≈≈#
#≈≈#≈≈≈≈≈##
##≈###≈≈≈###


You could see a reaper (combustible).

Vanquished Creatures
  A hydra (D:11)
  Harold (D:10)
  3 two-headed ogres
  Urug (D:10)
  4 ugly things
  6 elephants (Lair:1)
  An ice statue (IceCv)
  A cane toad (Lair:1)
  Psyche (D:11)
  A kobold demonologist (D:9)
  2 komodo dragons
  2 entropy weaver simulacra (IceCv)
  2 anaconda simulacra (IceCv)
  4 trolls
  Grinder (D:4)
  A wyvern (D:9)
  A shadow (D:10)
  12 yaks
  A wraith (D:11)
  4 vampire mosquitoes
  A steam dragon (D:6)
  3 death yak simulacra
  Menkaure (D:4)
  A harpy simulacrum (IceCv)
  2 acid dragons
  4 water moccasins
  2 black bears
  5 orc warriors
  A sky beast (D:8)
  2 necrophages
  2 ogres
  7 centaurs
  A phantom (D:5)
  4 kobold brigands
  2 cane toad simulacra (IceCv)
  A gnoll sergeant (D:6)
  2 bullfrogs
  5 scorpions
  A wyvern zombie (D:6)
  4 two-headed ogre simulacra (IceCv)
  A water moccasin skeleton (D:6)
  4 elephant simulacra (IceCv)
  11 wights
  4 killer bees (D:9)
  6 howler monkeys
  2 bullfrog zombies (D:5)
  4 centaur zombies
  2 centaur skeletons
  4 orc priests
  10 hounds
  2 jellies
  6 iguanas
  8 orc wizards
  A scorpion zombie (D:5)
  4 spriggan simulacra (IceCv)
  7 troll simulacra (IceCv)
  2 polar bear simulacra (IceCv)
  2 killer bee zombies
  2 hound skeletons (D:5)
  A mummy (D:4)
  2 howler monkey zombies (D:9)
  Robin (D:3)
  3 howler monkey skeletons
  9 adders
  6 naga simulacra (IceCv)
  A shadow imp (D:6)
  13 white imps
  8 ufetubi
  An adder zombie (D:5)
  An adder skeleton (D:5)
  A worm (D:5)
  A dart slug (D:1)
  26 orcs
  10 bats
  6 endoplasms
  2 giant cockroaches
  14 goblins
  8 hobgoblins
  7 jackals
  16 kobolds
  6 quokkas
  2 ball pythons
  2 frilled lizards
  2 hobgoblin zombies (D:4)
  A kobold zombie (D:4)
  An orc zombie (D:4)
  8 rats
342 creatures vanquished.

Vanquished Creatures (others)
  A gargoyle (D:11)
  A shadow (D:11)
  533 foxfires
  7 fungi
  30 plants
572 creatures vanquished.

Grand Total: 914 creatures vanquished

Notes
Turn   | Place    | Note
-------+----------+-------------------------------------------
     0 | D:1      | robertstho the Djinni Fire Elementalist began the quest for
                  | the Orb.
     0 | D:1      | Reached XP level 1. HP: 15/15 MP: 0/0
   251 | D:1      | Reached XP level 2. HP: 15/22 MP: 0/0
   587 | D:1      | Found Sika's Armour Shop.
   885 | D:1      | Found Yggegysu's Armour Boutique.
   948 | D:1      | Reached XP level 3. HP: 25/26 MP: 0/0
   948 | D:1      | Learned a level 1 spell: Sandblast
  1003 | D:1      | Reached skill level 3 in Spellcasting
  1285 | D:1      | Found a faded altar of an unknown god.
  2258 | D:2      | Reached skill level 1 in Fighting
  2258 | D:2      | Reached XP level 4. HP: 27/32 MP: 0/0
  2805 | D:3      | Noticed a scorpion
  2813 | D:3      | Killed a scorpion
  2814 | D:3      | Reached XP level 5. HP: 11/37 MP: 0/0
  2814 | D:3      | Learned a level 2 spell: Ensorcelled Hibernation
  3077 | D:3      | Noticed Robin
  3083 | D:3      | Killed Robin
  3084 | D:3      | Reached skill level 4 in Spellcasting
  3378 | D:3      | Found a burning altar of Makhleb.
  3940 | D:4      | Reached XP level 6. HP: 23/43 MP: 0/0
  4245 | D:4      | Noticed Grinder
  4253 | D:4      | Killed Grinder
  4254 | D:4      | Reached skill level 5 in Spellcasting
  4254 | D:4      | Reached XP level 7. HP: 25/49 MP: 0/0
  4254 | D:4      | Learned a level 3 spell: Vampiric Draining
  4810 | D:4      | Noticed Menkaure
  4817 | D:4      | Killed Menkaure
  4818 | D:4      | Reached skill level 1 in Short Blades
  5323 | D:4      | Reached skill level 6 in Spellcasting
  5323 | D:4      | Reached XP level 8. HP: 35/55 MP: 0/0
  5709 | D:5      | Entered Level 5 of the Dungeon
  5798 | D:5      | Found a sacrificial altar of Ru.
  6299 | D:5      | Reached skill level 7 in Spellcasting
  6842 | D:5      | Reached XP level 9. HP: 40/61 MP: 0/0
  6842 | D:5      | Learned a level 4 spell: Ice Form
  7753 | D:6      | Identified the amulet "Umil" {Reflect rF- Will+ Int+2 SH+5}
  7828 | D:6      | Reached skill level 8 in Spellcasting
  9240 | D:6      | Reached skill level 9 in Spellcasting
  9850 | D:7      | Reached XP level 10. HP: 35/68 MP: 0/0
 10159 | D:7      | Found a staircase to the Ecumenical Temple.
 10174 | Temple   | Entered the Ecumenical Temple
 10283 | D:7      | Reached skill level 1 in Polearms
 10453 | D:7      | Found a glowing silver altar of Zin.
 10905 | D:7      | Reached skill level 1 in Shields
 11917 | D:8      | Reached skill level 10 in Spellcasting
 11952 | D:8      | Found a hide-covered altar of Uskayaw.
 11959 | D:8      | Found a snail-covered altar of Cheibriados.
 12338 | D:8      | Noticed a brown ugly thing
 12341 | D:8      | Killed a brown ugly thing
 12342 | D:8      | Reached skill level 5 in Fighting
 13317 | D:9      | Found an opulent altar of Gozag.
 13366 | D:9      | Became a worshipper of Gozag Ym Sagoz the Greedy
 13381 | D:9      | Found a broken altar of Ashenzari.
 13622 | D:9      | Reached XP level 11. HP: 68/75 MP: 0/0
 13622 | D:9      | Learned a level 5 spell: Blade Hands
 14393 | D:10     | Entered Level 10 of the Dungeon
 14415 | D:10     | Reached skill level 11 in Spellcasting
 14557 | D:10     | Noticed Urug
 14568 | D:10     | Killed Urug
 14793 | D:10     | Noticed Harold
 14793 | D:10     | Noticed a two-headed ogre
 14798 | D:10     | Killed a two-headed ogre
 14810 | D:10     | Killed Harold
 15517 | D:11     | Found a staircase to the Lair.
 15529 | D:11     | Reached skill level 5 in Dodging
 15720 | D:11     | Noticed a four-headed hydra
 15732 | D:11     | Killed a four-headed hydra
 15733 | D:11     | Reached skill level 12 in Spellcasting
 15961 | D:11     | Noticed a two-headed ogre
 15966 | D:11     | Killed a two-headed ogre
 15967 | D:11     | Reached XP level 12. HP: 71/83 MP: 0/0
 16104 | D:11     | Found a shimmering altar of Xom.
 16570 | D:11     | Reached skill level 1 in Evocations
 17161 | D:11     | Noticed Psyche
 17171 | D:11     | Killed Psyche
 17479 | D:12     | HP: 3/84 [enormous slime creature (76)]
 18083 | D:12     | Noticed a two-headed ogre
 18093 | D:12     | Killed a two-headed ogre
 18094 | D:12     | Reached skill level 13 in Spellcasting
 18428 | Lair:1   | Entered Level 1 of the Lair of Beasts
 19083 | Lair:1   | Reached XP level 13. HP: 66/90 MP: 0/0
 19083 | Lair:1   | Learned a level 5 spell: Manifold Assault
 19109 | Lair:1   | Found a frozen archway.
 19117 | Lair:1   | Identified the +1 scale mail of Dishonesty {rN+ Slay+3}
 19124 | IceCv    | Entered an ice cave
 20720 | IceCv    | Noticed a reaper
 20725 | IceCv    | Reached skill level 14 in Spellcasting
 21048 | IceCv    | Mangled by a reaper

Illustrated notes

Levels and vault maps discovered:
D:1:      dpeg_arrival_shelter, layout_loops_ring,
          shapermc_ecumenical_altar_mp_urbaneastern, serial_shops,
          nicolae_diamond_shop, nicolae_shop_stone, minmay_misc_feat_rugged,
          chequers_decorated_corner, minmay_tromino_i2
D:2:      layout_loops_ring
D:3:      layout_basic, mainiacjoe_overflow_small_starburst, kennysheep_doodads,
          grunt_decor_arrowhead, uniq_robin
D:4:      layout_cave_pods, corner_web_ring, minmay_mini_ossuary, uniq_grinder,
          uniq_menkaure
D:5:      minmay_polygon_palace, layout_basic, nicolae_ru_awakened_eye
D:6:      kb_forest_paths, layout_basic, led_sif_book, nrook_mini_backslash
D:7:      minmay_recursive_quarters, layout_layer_cave, zin_statuary,
          minmay_temple_entry_sparse_star
D:8:      layout_loops_ring, amethyst_overflow_temple_binary
D:9:      layout_irregular_city, ashenzari_conservatory_becter,
          nicolae_gozag_cash_rules_everything_around_me
D:10:     layout_roguey, serial_park_tiny_2, grunt_ministairs_8, uniq_harold,
          uniq_urug
D:11:     layout_roguey, david_lair_shrubbed, xom_confusion_cloud, uniq_psyche
D:12:     layout_gridville, david_orc_4, chequers_serial_rivers_small_a
Temple:   zaba_magenta_temple
Lair:1:   layout_regular_city, portal_ice_cave_entry_ice_simulacra,
          infiniplex_staircase_pool
IceCv:    ice_cave_caverns_02

Skill      XL: |  1  2  3  4  5  6  7  8  9 10 11 12 13 |
---------------+----------------------------------------+-----
Spellcasting   | 3 4 5 6 7 9 10 12 13 14 | 14.0
Fighting       | 1 2 3 4 5 6 7 |  7.5
Stealth        | 2 3 4 |  4.0
Short Blades   | 1 |  1.3
Dodging        | 3 4 5 6 |  6.0
Polearms       | 2 |  2.1
Shields        | 1 2 |  2.9
Evocations     | 1 |  1.0

Action                   |  1- 3 |  4- 6 |  7- 9 | 10-12 | 13-15 || total
-------------------------+-------+-------+-------+-------+-------++-------
Melee: Dagger            |    25 |    32 |    25 |       |       ||    82
       Spear             |       |       |    26 |    54 |       ||    80
 Cast: Foxfire           |    64 |    14 |     4 |   154 |    83 ||   319
       Scorch            |     9 |    37 |   143 |    84 |    30 ||   303
       Flame Wave        |       |     2 |     6 |    47 |    10 ||    65
       Conjure Flame     |       |       |     1 |       |       ||     1
       Ensorcelled Hiber |       |       |     1 |    13 |       ||    14
Evoke: Wand              |       |       |       |     6 |       ||     6
  Use: Scroll            |       |       |     7 |    17 |     1 ||    25
       Potion            |       |       |     1 |     1 |       ||     2
 Stab: Sleeping          |     1 |     2 |     1 |     1 |       ||     5
       Distracted        |       |       |     1 |       |       ||     1
Armor: Robe              |     3 |    11 |    22 |       |       ||    36
       Steam dragon scal |       |       |    10 |    72 |     6 ||    88
Dodge: Dodged            |    21 |    26 |    69 |   110 |     7 ||   233
Block: Other             |       |       |    15 |    47 |     2 ||    64
       Reflection        |       |       |     1 |     2 |       ||     3

Table legend: (Time is in decaauts)
 A = Elapsed time spent in this place.
 B = Non-inter-level travel time spent in this place.
 C = Inter-level travel time spent in this place.
 D = Time resting spent in this place.
 E = Time spent auto-exploring this place.
 F = Levels seen in this place.
 G = Mean time per level.
                   A        B        C        D        E       F      G
               +--------+--------+--------+--------+--------+-----+--------+
         Total |  21007 |  20464 |    543 |   3528 |  14580 |  15 | 1400.5 |
       Dungeon |  18513 |  18011 |    502 |   2541 |  13551 |  12 | 1542.8 |
        Temple |     87 |     68 |     19 |      0 |     64 |   1 |   87.0 |
          Lair |    482 |    461 |     21 |      9 |    317 |   1 |  482.0 |
      Ice Cave |   1923 |   1923 |      0 |    978 |    648 |   1 | 1923.0 |
               +--------+--------+--------+--------+--------+-----+--------+

Top non-repeatable levels by time:
    D:11: 2435 daAuts
     D:7: 2180 daAuts
     D:6: 1931 daAuts
   IceCv: 1923 daAuts
     D:5: 1797 daAuts
     D:4: 1673 daAuts
     D:1: 1537 daAuts
     D:9: 1525 daAuts
     D:3: 1465 daAuts
     D:2: 1216 daAuts
    D:10: 1114 daAuts
     D:8: 953 daAuts
    D:12: 681 daAuts
  Lair:1: 482 daAuts
  Temple: 87 daAuts
